 Dungeon Crawl Stone Soup version 0.31.0-1-g2c135a008e (webtiles) character file.

Game seed: 6951764015220508104

1054 qw the Protected (level 8, -2/52 HPs)
             Began as a Djinni Hunter on Jan 23, 2024.
             Slain by a troll (13 damage)
             ... on level 5 of the Dungeon.
             The game lasted 00:00:16 (3461 turns).

qw the Protected (Djinni Hunter)                    Turns: 3461, Time: 00:00:16

Health: -2/52      AC:  9    Str: 10    XL:     8   Next: 51%
Gold:   143        EV: 12    Int:  9    God:
                   SH:  0    Dex: 21

rFire   + + +        a - +3 shortbow
rCold   x . .        (shield currently unavailable)
rNeg    . . .        l - +0 ring mail
rPois   inf          b - +0 helmet
rElec   .            (no cloak)
rCorr   .            (no gloves)
SInv    .            (boots unavailable)
Will    .....        (no amulet)
Stlth   ++           (no ring)
HPRegen 0.28/turn    (no ring)
MPRegen 0.00/turn

%: infuse magic (-3 HP)
@: about to teleport, flying
A: sickness immunity, fire resistance 3, cold vulnerability 1, float, innate
caster, HP casting, extra vitality 1, thin skeletal structure 1, dopey 1, frail
1
a: no special abilities


You were on level 5 of the Dungeon.
You visited 1 branch of the dungeon, and saw 5 of its levels.

You collected 215 gold pieces.
You spent 72 gold pieces at shops.


Innate Abilities, Weirdness & Mutations

You are immune to sickness and miasma.
You are immune to poison.
Your flesh is almost immune to the effects of heat. (rF+++)
You are vulnerable to cold. (rC-)
You float through the air rather than walking.
You learn spells naturally, not from books.
Your magical power is your life essence.
You have superior vitality. (+4 MHP)
You have a somewhat thin skeletal structure. (Dex +2, Stealth+)
You are dopey. (Int -2)
You are frail. (-10% HP)


   Skills:
 - Level 4.1 Fighting
 + Level 5.5 Ranged Weapons
 - Level 12.4 Armour
 - Level 4.0 Dodging
 - Level 0.7 Stealth


You knew the following spells:

 Your Spells              Type           Power      Damage    Failure   Level
a - Foxfire               Conj/Fire      0%         2x1d4     63%         1
b - Blink                 Tloc           0%         N/A       77%         2
c - Sigil of Binding      Hex            0%         N/A       94%         3
Your spell library was empty.

Inventory:

Hand Weapons
 a - a +3 shortbow (weapon)
Armour
 b - a +0 helmet (worn)
 l - a +0 ring mail (worn)
Scrolls
 f - a scroll of teleportation
Potions
 d - 2 potions of curing
 e - a potion of enlightenment
 g - 2 potions of might
 i - 2 potions of heal wounds

Dungeon Overview and Level Annotations

Branches:
Dungeon (5/15)
 Temple: D:4-7

Altars:
Makhleb

Shops:
D:3 ?


Message History

3428 ||| READING scroll labelled VOTYUG USIAPHUR.
As you read the scroll labelled VOTYUG USIAPHUR, it crumbles to dust.
You assume a fearsome visage.
Nothing appears to happen.
It was a scroll of fear.
Done exploring.
3429 ||| DROPPING potion of brilliance.
You drop a potion of brilliance.
Done exploring.
What level of the Dungeon? (default 4, ? - help)
You see here a hobgoblin corpse.
There is an open door here.
There is a stone staircase leading down here.
You fly downwards.
The orc shouts!
There is a stone staircase leading up here.
An orc is nearby!
Waypoint 4 assigned to D:5.
You shoot an arrow. The arrow barely misses the orc.
You shoot an arrow. The arrow hits the orc!
You kill the orc!
A troll and a quokka come into view.
You shoot an arrow. The arrow barely misses the quokka.
The troll shouts!
The quokka barely misses you.
You shoot an arrow. The arrow hits the quokka!
You kill the quokka!
You shoot an arrow. The arrow closely misses the troll.
You shoot an arrow. The arrow hits the troll.
The troll is lightly wounded.
You shoot an arrow. The arrow hits the troll.
The troll is lightly wounded.
The troll bites you! The troll claws you! The troll barely misses you.
You shoot an arrow. The arrow closely misses the troll.
The troll bites you! The troll claws you but does no damage.
The troll claws you.
You shoot an arrow. The arrow closely misses the troll.
The troll misses you. The troll closely misses you. The troll claws you!
3461 ||| READING 2 scrolls of teleportation.
As you read the scroll of teleportation, it crumbles to dust.
You feel strangely unstable. The troll bites you!
You die...

# .. ...
.... ###
####.....
#...
#.T......
#....#@#
#.....<#
#...)###
#....
#... ####


You could see a troll.

Vanquished Creatures
  An ogre (D:4)
  2 phantoms (D:4)
  2 bombardier beetles (D:4)
  3 hounds (D:4)
  3 iron imps (D:3)
  3 iguanas (D:4)
  An orc wizard (D:3)
  4 gnolls (D:2)
  9 adders
  3 ribbon worms
  3 dart slugs
  10 orcs
  5 ball pythons
  4 endoplasms
  2 giant cockroaches
  9 goblins
  6 hobgoblins
  4 jackals (D:4)
  6 kobolds
  8 quokkas
  7 bats
  3 frilled lizards
  2 rats
100 creatures vanquished.

Notes
Turn   | Place    | Note
-------+----------+-------------------------------------------
     0 | D:1      | qw the Djinni Hunter began the quest for the Orb.
     0 | D:1      | Reached XP level 1. HP: 18/18 MP: 0/0
     0 | D:1      | 0 ||| qw: Version: 0.3-a-134-g2ba4250
     0 | D:1      | 0 ||| qw: Game counter: 747
     0 | D:1      | 0 ||| qw: Melee chars always use a shield: true
     0 | D:1      | 0 ||| qw: God list: Okawaru
     0 | D:1      | 0 ||| qw: Allow faded altars: false
     0 | D:1      | 0 ||| qw: Do Orc after clearing Dungeon:15 true
     0 | D:1      | 0 ||| qw: Do second Lair branch before Depths: true
     0 | D:1      | 0 ||| qw: Lair rune preference: random
     0 | D:1      | 0 ||| qw: Goals: Normal
     0 | D:1      | 0 ||| PLANNING D:1-11
    49 | D:1      | Reached XP level 2. HP: 21/23 MP: 0/0
   233 | D:1      | Found a faded altar of an unknown god.
   527 | D:1      | Reached XP level 3. HP: 13/28 MP: 0/0
   527 | D:1      | Learned a level 1 spell: Foxfire
   790 | D:1      | 790 ||| READING 2 scrolls labelled XEUNLO DAQYCO.
   790 | D:1      | 790 ||| IDENTIFYING brown potion
   791 | D:1      | 791 ||| READING scroll of identify.
   791 | D:1      | 791 ||| IDENTIFYING golden potion
   792 | D:1      | 792 ||| DRINKING potion of mutation.
   792 | D:1      | Gained mutation: You are strong-willed. (Will+) [potion of
                  | mutation]
   793 | D:1      | 793 ||| READING scroll labelled WEGYIMADUHI.
   794 | D:1      | 794 ||| READING scroll labelled MOSHEX SILI.
   794 | D:1      | 794 ||| ENCHANTING +0 shortbow.
   795 | D:1      | 795 ||| READING scroll labelled QOIPTIL JEGH.
   796 | D:1      | 796 ||| DRINKING 2 clear potions.
   797 | D:1      | 797 ||| DROPPING scroll of butterflies.
   798 | D:1      | 798 ||| DROPPING potion of lignification.
  1118 | D:2      | Reached skill level 3 in Fighting
  1118 | D:2      | Reached XP level 4. HP: 35/35 MP: 0/0
  1137 | D:2      | Reached skill level 3 in Dodging
  1160 | D:2      | 1160 ||| DRINKING potion of mutation.
  1160 | D:2      | Lost mutation: You are strong-willed. (Will+) [potion of
                  | mutation]
  1160 | D:2      | Gained mutation: You have a somewhat thin skeletal
                  | structure. (Dex +2, Stealth+) [potion of mutation]
  1160 | D:2      | Gained mutation: Your flesh is almost immune to the effects
                  | of heat. (rF+++) [potion of mutation]
  1160 | D:2      | Gained mutation: You have hidden genetic defects. [potion
                  | of mutation]
  1423 | D:2      | 1423 ||| READING 3 scrolls of identify.
  1423 | D:2      | 1423 ||| IDENTIFYING coppery potion
  1424 | D:2      | 1424 ||| READING 2 scrolls of identify.
  1424 | D:2      | 1424 ||| IDENTIFYING scroll labelled GEUMUV QOTHOS
  1425 | D:2      | 1425 ||| READING scroll of identify.
  1425 | D:2      | 1425 ||| IDENTIFYING scroll labelled NIENKU SAZEWN
  1426 | D:2      | 1426 ||| DROPPING scroll of fog.
  1427 | D:2      | 1427 ||| DROPPING potion of ambrosia.
  1503 | D:3      | Found Ciofut's Magic Scroll Shoppe.
  1507 | D:3      | Gained mutation: You are frail. (-10% HP) [hidden defects]
  1512 | D:3      | 1512 ||| BUYING 3 scrolls of identify (72 gold).
  1512 | D:3      | Bought 3 scrolls of identify for 72 gold pieces
  1512 | D:3      | 1512 ||| SHOPLISTING scroll of identify (24 gold, have 6).
  1599 | D:3      | Found a burning altar of Makhleb.
  1609 | D:3      | Reached XP level 5. HP: 36/36 MP: 0/0
  1609 | D:3      | Learned a level 2 spell: Blink
  1616 | D:3      | Gained mutation: You are dopey. (Int -2) [hidden defects]
  1616 | D:3      | Lost mutation: You have hidden genetic defects. [hidden
                  | defects expressed]
  1630 | D:3      | 1630 ||| READING scroll of enchant weapon.
  1630 | D:3      | 1630 ||| ENCHANTING +1 shortbow.
  1699 | D:3      | Reached XP level 6. HP: 33/41 MP: 0/0
  1950 | D:3      | 1950 ||| FLEEEEING.
  1951 | D:3      | 1951 ||| FLEEEEING.
  1952 | D:3      | 1952 ||| FLEEEEING.
  1953 | D:3      | 1953 ||| FLEEEEING.
  1954 | D:3      | 1954 ||| FLEEEEING.
  1957 | D:3      | 1957 ||| FLEEEEING.
  1958 | D:3      | 1958 ||| FLEEEEING.
  1959 | D:3      | 1959 ||| FLEEEEING.
  1960 | D:3      | 1960 ||| FLEEEEING.
  1961 | D:3      | 1961 ||| FLEEEEING.
  1962 | D:3      | 1962 ||| FLEEEEING.
  1963 | D:3      | 1963 ||| FLEEEEING.
  1964 | D:3      | 1964 ||| FLEEEEING.
  1965 | D:3      | 1965 ||| FLEEEEING.
  1969 | D:3      | 1969 ||| FLEEEEING.
  1970 | D:3      | 1970 ||| FLEEEEING.
  1971 | D:3      | 1971 ||| FLEEEEING.
  1972 | D:3      | 1972 ||| FLEEEEING.
  1973 | D:3      | 1973 ||| FLEEEEING.
  1974 | D:3      | 1974 ||| FLEEEEING.
  1975 | D:3      | 1975 ||| FLEEEEING.
  1976 | D:3      | 1976 ||| FLEEEEING.
  2375 | D:3      | 2375 ||| UPGRADING to +0 ring mail.
  2385 | D:3      | 2385 ||| DROPPING +0 leather armour.
  2386 | D:3      | 2386 ||| READING 4 scrolls of identify.
  2386 | D:3      | 2386 ||| IDENTIFYING pink potion
  2387 | D:3      | 2387 ||| READING 3 scrolls of identify.
  2387 | D:3      | 2387 ||| IDENTIFYING white potion
  2388 | D:3      | 2388 ||| READING 2 scrolls of identify.
  2388 | D:3      | 2388 ||| IDENTIFYING purple potion
  2389 | D:3      | 2389 ||| DRINKING potion of experience.
  2389 | D:3      | Reached skill level 12 in Armour
  2389 | D:3      | Reached XP level 7. HP: 45/45 MP: 0/0
  2389 | D:3      | Learned a level 3 spell: Sigil of Binding
  2390 | D:3      | 2390 ||| READING scroll of identify.
  2390 | D:3      | 2390 ||| IDENTIFYING 2 fuming blue potions
  2391 | D:3      | 2391 ||| READING scroll labelled ZOWKOD PEULYI.
  2392 | D:3      | 2392 ||| READING scroll labelled RIOMYBESKOOSO.
  2393 | D:3      | 2393 ||| DROPPING potion of magic.
  2502 | D:4      | 2502 ||| READING scroll of enchant weapon.
  2502 | D:4      | 2502 ||| ENCHANTING +2 shortbow.
  2554 | D:4      | Reached XP level 8. HP: 32/52 MP: 0/0
  2968 | D:4      | 2968 ||| UPGRADING to +0 helmet.
  3426 | D:4      | 3426 ||| READING 2 scrolls of identify.
  3426 | D:4      | 3426 ||| IDENTIFYING metallic white potion
  3427 | D:4      | 3427 ||| READING scroll of identify.
  3427 | D:4      | 3427 ||| IDENTIFYING 2 glowing sapphire potions
  3428 | D:4      | 3428 ||| READING scroll labelled VOTYUG USIAPHUR.
  3429 | D:4      | 3429 ||| DROPPING potion of brilliance.
  3450 | D:5      | Entered Level 5 of the Dungeon
  3453 | D:5      | Noticed a troll
  3460 | D:5      | HP: 11/52 [troll (8)]
  3461 | D:5      | 3461 ||| READING 2 scrolls of teleportation.
  3461 | D:5      | Slain by a troll

Levels and vault maps discovered:
D:1:      wander_arrival_lonely_grave, layout_basic,
          chequers_ecumenical_altar_simple_redux, minmay_misc_feat_x,
          minmay_misc_feat_cross, minmay_pentomino_z4
D:2:      layout_basic
D:3:      layout_basic, mainiacjoe_overflow_24_doors, demons_altar,
          serial_shops, nicolae_shop_statue_plus
D:4:      minmay_razor_zed, layout_basic
D:5:      layout_rooms, nicolae_qazlal_scattered_showers, serial_shops,
          nicolae_shop_hallway_plus

Skill      XL: |  1  2  3  4  5  6  7 |
---------------+----------------------+-----
Ranged Weapons | 4 5 |  5.5
Fighting       | 3 4 |  4.1
Dodging        | 3 4 |  4.0
Armour         | 12 | 12.4
Stealth        | |  0.7

Action                     |  1- 3 |  4- 6 |  7- 9 || total
---------------------------+-------+-------+-------++-------
   Fire: Shortbow          |    68 |   102 |   135 ||   305
    Use: Scroll            |     5 |     7 |     8 ||    20
         Potion            |     2 |     2 |       ||     4
 Armour: Leather armour    |    13 |    25 |       ||    38
         Ring mail         |       |       |    47 ||    47
  Dodge: Dodged            |     9 |    13 |    50 ||    72

Table legend:
 A = Non-vault XP
 B = Vault XP
 C = Vault XP percentage of total XP
 D = Non-vault monster count
 E = Vault monster count
 F = Vault count percentage of total count
                 A         B        C        D         E       F
            +---------+---------+-------+---------+---------+-------
      Total |     865 |     299 |  25.7 |      82 |      18 |  18.0
            +---------+---------+-------+---------+---------+-------
        D:1 |      33 |       7 |  17.5 |      16 |       4 |  20.0
        D:2 |      79 |       0 |   0.0 |      15 |       0 |   0.0
        D:3 |     124 |     122 |  49.6 |      23 |       3 |  11.5
        D:4 |     624 |     170 |  21.4 |      26 |      11 |  29.7
        D:5 |       5 |       0 |   0.0 |       2 |       0 |   0.0
            +---------+---------+-------+---------+---------+-------
